 Dungeon Crawl Stone Soup version 0.31-a0-844-gdc52ec4e09 (webtiles) character file.

Game seed: 17447956515488952139

815 Pixllover the Chopper (level 7, 0/63 HPs)
             Began as a Minotaur Berserker on Sept 29, 2023.
             Was a Priest of Trog.
             Slain by a killer bee (2 damage)
             ... on level 5 of the Dungeon.
             The game lasted 00:05:45 (3402 turns).

Pixllover the Chopper (Minotaur Berserker)          Turns: 3402, Time: 00:05:46

Health: 0/63       AC: 11    Str: 24    XL:     7   Next: 62%
Magic:  6/6        EV:  9    Int:  4    God:    Trog [***...]
Gold:   230        SH:  0    Dex:  9    Spells: 6/6 levels left

rFire   . . .        t - +0 flail
rCold   . . .        (no shield)
rNeg    . . .        m - +0 chain mail
rPois   +            r - +2 hat
rElec   .            (no cloak)
rCorr   .            (no gloves)
SInv    .            (no boots)
Will    .....        p - amulet of regeneration Stlth
                     o - ring of poison resistance
HPRegen 1.10/turn    (no ring)
MPRegen 0.10/turn

%: no passive effects
@: no status effects
A: horns 2, retaliatory headbutt
a: Renounce Religion, Berserk, Trog's Hand


You were on level 5 of the Dungeon.
You worshipped Trog.
Trog was most pleased with you.
You visited 1 branch of the dungeon, and saw 5 of its levels.

You collected 230 gold pieces.

Inventory:

Hand Weapons
 t - a +0 flail (weapon)
Missiles
 b - 2 poisoned darts (quivered)
Armour
 m - a +0 chain mail (worn)
 r - a +2 hat (worn)
Jewellery
 o - a ring of poison resistance (left hand)
 p - an amulet of regeneration (around neck)
 s - a ring of ice
Wands
 w - a wand of paralysis (11)
Scrolls
 a - a scroll of noise {unknown}
 c - a scroll of enchant armour {unknown}
 d - 3 scrolls of identify {unknown}
 e - a scroll of torment {unknown}
 j - a scroll of immolation
 l - a scroll of poison {unknown}
 n - a scroll of fog {unknown}
 q - a scroll of silence {unknown}
 u - a scroll of vulnerability
 v - a scroll of butterflies {unknown}
Potions
 f - 2 potions of mutation {unknown}
 g - a potion of berserk rage {unknown}
 h - 2 potions of enlightenment {unknown}
 i - 2 potions of haste {unknown}
 k - a potion of curing {unknown}
 x - a potion of magic {unknown}
 z - a potion of heal wounds {unknown}


   Skills:
 + Level 6.1 Fighting
 + Level 7.4(7.6) Axes
 + Level 2.4(5.3) Maces & Flails
 + Level 5.2 Armour
 + Level 3.3 Dodging
 + Level 0.2 Stealth


You had 6 spell levels left.
You didn't know any spells.
Your spell library was empty.

Dungeon Overview and Level Annotations

Branches:
Dungeon (5/15)
 Temple: D:4-7

Altars:
Ashenzari


Innate Abilities, Weirdness & Mutations

You have a pair of horns on your head.
You reflexively headbutt those who attack you in melee.


Message History

You miss the killer bee. Your headbutt misses the killer bee.
Your punch misses the killer bee.
The killer bee is severely wounded.
You feel sick. The killer bee closely misses you. You furiously retaliate!
You headbutt the killer bee, but do no damage.
The killer bee stings you but does no damage. x2
The killer bee barely misses you. You furiously retaliate!
You headbutt the killer bee!
You kill the killer bee!
Trog accepts your kill.
The killer bee stings you but does no damage. x2
Your Armour skill increases to level 5!
You closely miss the killer bee.
The killer bee is severely wounded.
You feel sick. The killer bee closely misses you.
The killer bee stings you but does no damage. x4
You hit the killer bee.
You kill the killer bee!
Trog accepts your kill.
You feel sick. The killer bee stings you.
* * * LOW HITPOINT WARNING * * *
The killer bee closely misses you.
You miss the killer bee. Your headbutt misses the killer bee.
The killer bee is lightly wounded.
You feel sick. The killer bee stings you!
* * * LOW HITPOINT WARNING * * *
The killer bee stings you but does no damage.
You barely miss the killer bee. Your headbutt misses the killer bee.
The killer bee is lightly wounded.
You feel sick. The killer bee stings you.
* * * LOW HITPOINT WARNING * * *
The killer bee closely misses you. You furiously retaliate!
You headbutt the killer bee.
You feel sick.
The killer bee attacks as it pursues you!
The killer bee barely misses you. The killer bee closely misses you.
You feel sick.
You are no longer poisoned.
The killer bee stings you.
You die...

+... .....##... #..#
.....##... #..#####
..........
######......#
.....##<..
............# ....
#... ........# ...
#... #...##..## ..
.... # ##.y.+ . #...
#..@.# #... #....#
#... #....# ....
##.<.# ... ##..#####
... #...##..# ###
#...#...##+#######..
#...#...............
#...##..##..........


You could see a killer bee.

Vanquished Creatures
  Sigmund (D:2)
  An ogre (D:5)
  A centaur (D:4)
  2 killer bees (D:5)
  A hound (D:4)
  A jelly (D:5)
  Terence (D:3)
  An iguana (D:5)
  3 sleepcaps
  An orc wizard (D:3)
  3 gnolls (D:4)
  6 adders
  5 dart slugs
  10 orcs
  3 ball pythons
  6 bats
  11 endoplasms
  6 giant cockroaches
  5 goblins
  9 hobgoblins
  4 jackals (D:4)
  4 quokkas
  2 frilled lizards (D:1)
  5 rats
92 creatures vanquished.

Notes
Turn   | Place    | Note
-------+----------+-------------------------------------------
     0 | D:1      | Pixllover the Minotaur Berserker began the quest for the
                  | Orb.
     0 | D:1      | Reached XP level 1. HP: 19/19 MP: 0/0
   147 | D:1      | Reached XP level 2. HP: 27/27 MP: 1/1
   172 | D:1      | Reached skill level 4 in Axes
   655 | D:2      | Reached XP level 3. HP: 9/33 MP: 2/2
  1067 | D:2      | Reached ** piety under Trog
  1157 | D:2      | Noticed Sigmund
  1171 | D:2      | Killed Sigmund
  1172 | D:2      | Reached skill level 5 in Fighting
  1172 | D:2      | Reached skill level 5 in Axes
  1172 | D:2      | Reached XP level 4. HP: 8/42 MP: 3/3
  1172 | D:2      | Reached XP level 5. HP: 9/48 MP: 4/4
  1859 | D:3      | Reached skill level 6 in Axes
  1864 | D:3      | Reached XP level 6. HP: 47/56 MP: 5/5
  1920 | D:3      | Noticed Terence
  1933 | D:3      | Killed Terence
  2046 | D:3      | Found a faded altar of an unknown god.
  2729 | D:4      | Found a broken altar of Ashenzari.
  2750 | D:4      | Reached *** piety under Trog
  2965 | D:4      | Reached skill level 7 in Axes
  2965 | D:4      | Reached XP level 7. HP: 62/62 MP: 6/6
  2995 | D:4      | Reached skill level 1 in Maces & Flails
  3270 | D:5      | Entered Level 5 of the Dungeon
  3397 | D:5      | Reached skill level 5 in Armour
  3400 | D:5      | HP: 2/63 [killer bee (3)]
  3402 | D:5      | Slain by a killer bee

Illustrated notes

Levels and vault maps discovered:
D:1:      minmay_arrival_jagged, layout_basic
D:2:      layout_basic, serial_rivers, chequers_serial_rivers_small_b,
          chequers_serial_rivers_small_3, chequers_serial_rivers_micro_e,
          chequers_serial_rivers_room_a, chequers_serial_rivers_small_b,
          uniq_sigmund
D:3:      layout_basic, ebering_ecumenical_altar_mist, hellmonk_no_cap,
          uniq_terence
D:4:      layout_gridville, ashenzari_altar_1, st_stairs_11
D:5:      layout_gridville, serial_shops, shop, nicolae_shop_overcharged_wands

Skill      XL: |  1  2  3  4  5  6  7 |
---------------+----------------------+-----
Fighting       | 4 5 6 |  6.1
Axes           | 4 5 6 7 |  7.4
Armour         | 3 4 5 |  5.2
Dodging        | 3 |  3.3
Maces & Flails | 2 |  2.4
Stealth        | |  0.2

Action                     |  1- 3 |  4- 6 |  7- 9 || total
---------------------------+-------+-------+-------++-------
  Melee: Hand axe          |    71 |   119 |       ||   190
         Headbutt          |     9 |    25 |     5 ||    39
         Flail             |       |    27 |    26 ||    53
         Punch             |       |     1 |       ||     1
    Use: Scroll            |       |     2 |       ||     2
 Armour: Animal skin       |    33 |       |       ||    33
         Chain mail        |    13 |   136 |    45 ||   194
  Dodge: Dodged            |    37 |    75 |    27 ||   139

Table legend: (Time is in decaauts)
 A = Elapsed time spent in this place.
 B = Non-inter-level travel time spent in this place.
 C = Inter-level travel time spent in this place.
 D = Time resting spent in this place.
 E = Time spent auto-exploring this place.
 F = Levels seen in this place.
 G = Mean time per level.
                   A        B        C        D        E       F      G
               +--------+--------+--------+--------+--------+-----+--------+
         Total |   3418 |   3333 |     85 |    282 |   1945 |   5 |  683.6 |
       Dungeon |   3418 |   3333 |     85 |    282 |   1945 |   5 |  683.6 |
               +--------+--------+--------+--------+--------+-----+--------+

Top non-repeatable levels by time:
     D:2: 1130 daAuts
     D:3: 944 daAuts
     D:4: 612 daAuts
     D:1: 596 daAuts
     D:5: 134 daAuts
